 Dungeon Crawl Stone Soup version 0.31.0-11-ge490571c62 (webtiles) character file.

Game seed: 13331265903557110583

4172 mopl the Carver (level 10, 0/77 HPs)
             Began as a Merfolk Fighter on Jan 25, 2024.
             Was an Elder of Okawaru.
             Engulfed by a cloud of steam (7 damage)
             ... on level 7 of the Dungeon on Jan 26, 2024.
             The game lasted 00:13:26 (8982 turns).

mopl the Carver (Merfolk Fighter)                   Turns: 8982, Time: 00:13:27

Health: 0/77       AC: 17    Str: 20    XL:     10   Next: 28%
Magic:  13/13      EV:  8    Int:  7    God:    Okawaru [****..]
Gold:   316        SH:  5    Dex: 15    Spells: 9/9 levels left

rFire   . . .        a - +0 long sword
rCold   . . .        c - +0 buckler
rNeg    . . .        o - +0 plate armour
rPois   .            B - +1 helmet
rElec   .            M - +0 cloak
rCorr   .            y - +1 pair of gloves
SInv    .            (no boots)
Will    +....        (no amulet) Stlth
                     w - ring of willpower
HPRegen 0.32/turn    (no ring)
MPRegen 0.13/turn

%: no passive effects
@: no status effects
A: (nimble swimmer 2), mertail
a: Renounce Religion, Heroism, Finesse


You were on level 7 of the Dungeon.
You worshipped Okawaru.
Okawaru was greatly pleased with you.
You visited 2 branches of the dungeon, and saw 8 of its levels.

You collected 316 gold pieces.

Inventory:

Hand Weapons
 a - a +0 long sword (weapon)
 b - a +1 dagger of draining
 t - a +1 antimagic sling
 C - a +6 heavy spear
 F - a +2 halberd of flaming
Missiles
 i - 11 poisoned darts (quivered)
 x - 4 atropa-tipped darts
 J - 4 silver javelins
 K - 2 throwing nets
Armour
 c - a +0 buckler (worn)
 o - a +0 plate armour (worn)
 y - a +1 pair of gloves (worn)
 z - a +3 leather armour of fire resistance
 B - a +1 helmet (worn)
 E - the +0 helmet "Ujunink" {-Cast rC- Dex+9}
   (You found it on level 6 of the Dungeon)

   Dex+9:     It affects your dexterity (+9).
   rC-:       It makes you vulnerable to cold.
   -Cast:     It prevents spellcasting.
 M - a +0 cloak (worn)
Jewellery
 w - a ring of willpower (left hand)
Wands
 A - a wand of light (8)
 I - a wand of flame (27)
Scrolls
 e - 2 scrolls of noise {unknown}
 f - 2 scrolls of butterflies {unknown}
 g - 3 scrolls of teleportation {unknown}
 j - 6 scrolls of identify {unknown}
 l - a scroll of blinking {unknown}
 n - a scroll of immolation {unknown}
 v - 3 scrolls of enchant weapon {unknown}
 D - 2 scrolls of poison {unknown}
 H - a scroll of fear {unknown}
 L - a scroll of fog {unknown}
 N - a scroll of vulnerability {unknown}
Potions
 d - 2 potions of might
 h - 6 potions of curing
 k - 3 potions of haste {unknown}
 m - a potion of degeneration {unknown}
 p - a potion of heal wounds {unknown}
 q - 4 potions of resistance {unknown}
 r - 2 potions of brilliance {unknown}
 s - a potion of invisibility {unknown}
 u - a potion of attraction {unknown}
 G - a potion of berserk rage {unknown}


   Skills:
 + Level 6.7 Fighting
 * Level 9.3 Long Blades
 + Level 4.9 Throwing
 + Level 4.6 Armour
 + Level 6.5 Dodging
 - Level 3.0 Shields
 + Level 5.1 Invocations
 + Level 4.6 Evocations


You had 9 spell levels left.
You didn't know any spells.
Your spell library contained the following spells:

 Spells                   Type           Power      Damage    Failure   Level
 Freeze                   Ice            0%         1d3       100%        1
 Frozen Ramparts          Ice            0%         1d1       100%        3
 Fugue of the Fallen      Necr           0%         N/A       100%        3
 Hailstorm                Conj/Ice       0%         3d5       100%        3
 Ozocubu's Armour         Ice            0%         N/A       100%        3
 Manifold Assault         Tloc           0%         N/A       100%        4
 Animate Dead             Necr           Unusable   N/A       N/A         4
 Haunt                    Necr/Summ      Unusable   N/A       N/A         7
 Infestation              Necr           Unusable   N/A       N/A         8

Dungeon Overview and Level Annotations

Branches:
Dungeon (7/15)             Temple (1/1) D:4

Altars:
Cheibriados
Dithmenos
Elyvilon
Fedhas
Gozag
Hepliaklqana
Makhleb
Nemelex Xobeh
Okawaru
Qazlal
Ru
Sif Muna
Trog
Uskayaw
Vehumet
Wu Jian
Xom
Yredelemnul
Zin
The Shining One

Shops:
D:4 (   D:7 (


Innate Abilities, Weirdness & Mutations

((You are very nimble when in or above water. (Stealth+, EV+, Speed+++)))
Your lower body shifts to a powerful aquatic tail in water.


Message History

You block the steam dragon's attack. x2
You slash the steam dragon!
The steam dragon is heavily wounded.
You are engulfed in a cloud of scalding steam.
The steam dragon breathes steam at you. The ball of steam hits you!
You hit the steam dragon.
The steam dragon is severely wounded.
The steam dragon bites you but does no damage.
The steam dragon closely misses you.
You closely miss the steam dragon.
The steam dragon is severely wounded.
The steam dragon bites you but does no damage.
The steam dragon barely misses you.
You barely miss the steam dragon.
The steam dragon is severely wounded.
The steam dragon bites you.
The steam dragon claws you but does no damage.
You barely miss the steam dragon.
The steam dragon is severely wounded.
The steam dragon barely misses you. x2
You completely miss the steam dragon.
The steam dragon is severely wounded.
The steam dragon closely misses you.
The steam dragon claws you but does no damage.
You slash the steam dragon!
The steam dragon is almost dead.
The steam dragon breathes steam at you. The ball of steam hits you!!
* * * LOW HITPOINT WARNING * * *
You barely miss the steam dragon.
The steam dragon is almost dead.
You are engulfed in a cloud of scalding steam.
The steam dragon closely misses you. The steam dragon claws you.
* * * LOW HITPOINT WARNING * * *
You slash the steam dragon!
You kill the steam dragon!
Okawaru accepts your kill.
You are engulfed in a cloud of scalding steam.
You die...

..§§ .## ≈.§§ ...
...≈.≈.(.≈.≈. ...
...§.≈._.≈.≈. #.#
#.≈.≈.....≈. #.#
#.§§≈≈≈≈≈.≈. #.#
#§§......^≈§ #§#
#§§§≈.§§≈≈§. #@#
##........... #§#
#..........## #§#
#####.####.##
#.########.####.##
#...............##
........................
################.####.##
........## ##########


There were no monsters in sight!

Vanquished Creatures
  Pikel (D:4)
  Maurice (D:7)
  Grinder (D:5)
  Prince Ribbit (D:6)
  A vampire (D:7)
  Eustachio (D:5)
  A steam dragon (D:7)
  A water moccasin (D:4)
  A black bear (D:5)
  An ogre (D:4)
  4 centaurs
  An ice beast (D:6)
  A phantom (D:4)
  A kobold brigand (D:5)
  A bullfrog (D:7)
  4 gnoll sergeants
  2 scorpions
  5 killer bees (D:6)
  4 howler monkeys
  2 jellies
  3 hounds
  3 bombardier beetles
  2 orc priests
  7 iguanas
  3 orc wizards
  22 gnolls
  9 adders
  2 shadow imps (D:5)
  2 white imps
  2 ufetubi (D:5)
  5 ribbon worms
  13 orcs
  9 ball pythons
  8 endoplasms
  6 giant cockroaches
  5 goblins
  4 hobgoblins (D:1)
  2 jackals (D:1)
  2 quokkas
  5 bats
  3 frilled lizards
  13 kobolds
  11 rats
176 creatures vanquished.

Notes
Turn   | Place    | Note
-------+----------+-------------------------------------------
     0 | D:1      | mopl the Merfolk Fighter began the quest for the Orb.
     0 | D:1      | Reached XP level 1. HP: 18/18 MP: 1/1
   126 | D:1      | Reached XP level 2. HP: 24/24 MP: 2/2
   151 | D:1      | Found a faded altar of an unknown god.
   375 | D:1      | Reached skill level 3 in Long Blades
   375 | D:1      | Reached skill level 1 in Dodging
   611 | D:1      | Reached XP level 3. HP: 29/29 MP: 3/3
  1144 | D:2      | Reached XP level 4. HP: 24/37 MP: 4/4
  1286 | D:2      | You fall into a shaft and drop 2 floors!
  1286 | D:4      | Found a staircase to the Ecumenical Temple.
  1296 | Temple   | Entered the Ecumenical Temple
  1305 | Temple   | Became a worshipper of Warmaster Okawaru
  1355 | D:4      | Noticed a lemure
  1465 | D:4      | Reached skill level 4 in Long Blades
  1465 | D:4      | Reached XP level 5. HP: 38/42 MP: 5/5
  1691 | D:3      | Found a glowing golden altar of the Shining One.
  2080 | D:2      | Found a hazy altar of Hepliaklqana.
  2363 | D:3      | Reached skill level 1 in Invocations
  2590 | D:2      | Reached skill level 1 in Throwing
  2638 | D:2      | Reached skill level 1 in Evocations
  3007 | D:3      | Noticed an ogre
  3057 | D:4      | Killed an ogre
  3058 | D:4      | Reached XP level 6. HP: 29/48 MP: 5/7
  3539 | D:4      | Upgraded the game from 0.31.0-10-gcf4a605ca0 to
                  | 0.31.0-11-ge490571c62
  3582 | D:4      | Found Afet's Weapon Emporium.
  3650 | D:4      | Reached skill level 5 in Long Blades
  3691 | D:4      | Noticed Pikel
  3753 | D:4      | Killed Pikel
  3753 | D:4      | Reached * piety under Okawaru
  3754 | D:4      | Reached skill level 6 in Long Blades
  3754 | D:4      | Reached XP level 7. HP: 47/55 MP: 8/8
  3754 | D:4      | Reached XP level 8. HP: 53/61 MP: 9/9
  4035 | D:4      | Found a sacrificial altar of Ru.
  4215 | D:5      | Entered Level 5 of the Dungeon
  4215 | D:5      | Noticed Grinder
  4222 | D:5      | Paralysed by Grinder for 3 turns
  4239 | D:5      | Killed Grinder
  4240 | D:5      | Reached skill level 5 in Fighting
  4415 | D:5      | Found a stormy altar of Qazlal.
  4465 | D:4      | Reached ** piety under Okawaru
  4529 | D:5      | HP: 3/62 [phantom (4)]
  4546 | D:5      | HP: 3/62 [centaur/arrow (10)]
  4550 | D:5      | HP: 1/62 [ufetubus (2)]
  4755 | D:5      | Reached skill level 7 in Long Blades
  4811 | D:5      | Noticed Eustachio
  4911 | D:5      | Killed Eustachio
  4963 | D:5      | Reached XP level 9. HP: 62/68 MP: 11/11
  5025 | D:5      | Found a shimmering altar of Xom.
  5033 | D:5      | Reached skill level 5 in Dodging
  5867 | D:5      | Reached *** piety under Okawaru
  6293 | D:6      | Noticed Prince Ribbit
  6301 | D:6      | Killed Prince Ribbit
  6302 | D:6      | Reached skill level 8 in Long Blades
  6348 | D:6      | Identified the +0 helmet "Ujunink" {-Cast rC- Dex+9}
  8034 | D:7      | Reached **** piety under Okawaru
  8091 | D:6      | Reached XP level 10. HP: 63/77 MP: 13/13
  8175 | D:7      | Found a glowing silver altar of Zin.
  8297 | D:7      | Noticed Maurice
  8304 | D:7      | Killed Maurice
  8305 | D:7      | Reached skill level 9 in Long Blades
  8321 | D:7      | Reached skill level 5 in Invocations
  8867 | D:7      | Found Xeguuvoemm's Weapon Boutique.
  8940 | D:7      | Found a basalt altar of Yredelemnul.
  8982 | D:7      | Engulfed by a cloud of steam

Illustrated notes

Levels and vault maps discovered:
D:1:      dpeg_arrival_long_road, layout_loops_corners,
          shapermc_ecumenical_altar_notcrosses
D:2:      layout_basic, basic_altar, minmay_pentomino_p4
D:3:      layout_rooms, mainiacjoe_overflow_24_doors
D:4:      layout_basic, nicolae_ru_path_of_blood, minmay_temple_entry_mist,
          serial_shops, shop, serial_corexii_hall, corexii_hall_statues_x,
          chequers_hall_statues_y, corexii_hall_statues_i,
          corexii_hall_statues_t, chequers_hall_statues_corner_a,
          chequers_hall_statues_y, grunt_decor_junction, minmay_pentomino_pile,
          uniq_pikel
D:5:      layout_basic, mainiacjoe_overflow_alcove_2,
          mainiacjoe_overflow_small_starburst, corexii_shack, minmay_bent,
          uniq_eustachio, uniq_grinder
D:6:      layout_basic, uniq_prince_ribbit1
D:7:      layout_basic, zin_statuary, mainiacjoe_overflow_concentric_impassable,
          serial_shops, shop, minmay_shop_damaged, nicolae_grassy_gnolls,
          uniq_maurice
Temple:   nicolae_temple_bog_church

Skill      XL: |  1  2  3  4  5  6  7  8  9 10 |
---------------+-------------------------------+-----
Long Blades    | 3 4 6 7 8 9 |  9.3
Dodging        | 1 2 3 4 6 |  6.5
Fighting       | 4 5 6 |  6.7
Invocations    | 1 2 3 4 5 |  5.1
Throwing       | 1 2 3 4 |  4.9
Evocations     | 1 2 3 4 |  4.6
Armour         | 3 4 |  4.6
Shields        | |  3.0

Action                     |  1- 3 |  4- 6 |  7- 9 | 10-12 || total
---------------------------+-------+-------+-------+-------++-------
  Melee: Long sword        |    17 |       |    53 |   103 ||   173
         Dagger            |   113 |   242 |   609 |    27 ||   991
 Invoke: Heroism           |       |       |       |     2 ||     2
  Evoke: Wand              |       |       |     5 |     4 ||     9
    Use: Potion            |       |       |     2 |       ||     2
   Stab: Paralysed         |       |       |     5 |     4 ||     9
 Armour: Scale mail        |    79 |     5 |       |       ||    84
         Plate armour      |       |   178 |   578 |   131 ||   887
  Dodge: Dodged            |    62 |    61 |   237 |    55 ||   415
  Block: Buckler           |    29 |    57 |   177 |    36 ||   299
